 Dungeon Crawl Stone Soup version 0.22-a0-348-gd16d139 (webtiles) character file.

1513 Amnesiac the Shooter (level 8, -2/49 HPs)
             Began as a Deep Elf Fighter on Apr 11, 2018.
             Was a Believer of Okawaru.
             Slain by a wight
             ... wielding a +0 dire flail
              (3 damage)
             ... on level 6 of the Dungeon.
             The game lasted 00:12:41 (7876 turns).

Amnesiac the Shooter (Deep Elf Fighter)             Turns: 7876, Time: 00:12:43

Health: -2/49      AC: 10    Str: 17    XL:     8   Next: 53%
Magic:  9/10       EV:  9    Int: 14    God:    Okawaru [**....]
Gold:   232        SH:  0    Dex: 14    Spells: 5/7 levels left

rFire    . . .     SeeInvis .   a - +0 shortbow
rCold    . . .     Gourm    .   (shield currently unavailable)
rNeg     . . .     Faith    .   k - +0 chain mail
rPois    .         Spirit   .   (no helmet)
rElec    .         Reflect  .   (no cloak)
rCorr    .         Harm     .   r - +0 pair of gloves
MR       +....                  (no boots)
Stlth    ..........             (no amulet)
HPRegen  0.16/turn              t - ring of protection from magic
MPRegen  0.12/turn              (no ring)

@: drained
A: strong 1, evolution 1
a: Heroism, Renounce Religion


You were on level 6 of the Dungeon.
You worshipped Okawaru.
Okawaru was pleased with you.
You were not hungry.

You visited 2 branches of the dungeon, and saw 7 of its levels.
You also visited: Ossuary.

You collected 232 gold pieces.

Inventory:

Hand Weapons
 a - a +0 shortbow (weapon)
 b - a +2 short sword of venom
 j - a +0 hunting sling
 w - a +0 long sword
Missiles
 m - 131 arrows (quivered)
 o - 208 stones
 s - 32 sling bullets
 E - 20 poisoned needles
Armour
 c - a +0 shield
 k - a +0 chain mail (worn)
 r - a +0 pair of gloves (worn)
Jewellery
 t - a ring of protection from magic (left hand)
 u - an uncursed ring of fire
 F - a cursed -5 ring of intelligence {unknown}
Wands
 g - a wand of digging (17)
 v - a wand of iceblast (8)
 H - a wand of enslavement (14)
Scrolls
 e - 2 scrolls of immolation {!r, unknown}
 h - 6 scrolls of teleportation {!r, unknown}
 i - 3 scrolls of remove curse {!r, unknown}
 l - 3 scrolls of enchant armour {!r, unknown}
 q - 3 scrolls of amnesia {!r, unknown}
 x - 3 scrolls of blinking {!r}
 y - a scroll of fog {!r, unknown}
 B - 6 scrolls of identify {!r}
 D - 2 scrolls of magic mapping {!r, unknown}
 G - a scroll of fear {!r, unknown}
 I - a scroll of silence {!r, unknown}
Potions
 n - a potion of mutation {!q}
 p - a potion of cancellation {!q}
 z - a potion of resistance {!q, unknown}
 A - 2 potions of might {!q}
 C - 2 potions of invisibility {!q, unknown}
Comestibles
 d - 3 chunks of flesh
 f - 8 rations


   Skills:
 - Level 5.0(3.9) Fighting
 - Level 2.0(1.0) Long Blades
 + Level 6.6(5.5) Bows
 - Level 5.0(3.9) Armour
 - Level 5.0(3.9) Dodging
 - Level 2.4(1.4) Shields


You had 5 spell levels left.
You knew the following spells:

 Your Spells              Type           Power        Failure   Level  Hunger
z - Swiftness             Chrm/Air       #.......     99%         2    ###....


Dungeon Overview and Level Annotations

Branches:
Dungeon (6/15)             Temple (1/1) D:4

Altars:
Cheibriados
Dithmenos
Hepliaklqana
Nemelex Xobeh
Okawaru
Ru
Uskayaw
Vehumet
Wu Jian


Innate Abilities, Weirdness & Mutations

Your muscles are strong. (Str +2)
You evolve.


Message History

The wight closely misses you.
Firing (i - inventory. (/) - cycle)
m - 139 arrows (quivered)
Press: ? - help, Shift-Dir - straight line, f/p - wight
Aim: a wight, wielding a dire flail and wearing a robe (heavily damaged)
You shoot an arrow.
The arrow hits the wight but does no damage.
The wight is heavily damaged.
The wight barely misses you. The wight misses you.
Firing (i - inventory. (/) - cycle)
m - 138 arrows (quivered)
Press: ? - help, Shift-Dir - straight line, f/p - wight
Aim: a wight, wielding a dire flail and wearing a robe (heavily damaged)
You shoot an arrow. The arrow hits the wight.
The wight is almost destroyed.
The wight hits you but does no damage. The wight misses you.
Firing (i - inventory. (/) - cycle)
m - 137 arrows (quivered)
Press: ? - help, Shift-Dir - straight line, f/p - wight
Aim: a wight, wielding a dire flail and wearing a robe (almost destroyed)
You shoot an arrow.
The arrow hits the wight but does no damage.
The wight is almost destroyed.
Firing (i - inventory. (/) - cycle)
m - 136 arrows (quivered)
Press: ? - help, Shift-Dir - straight line, f/p - wight
Aim: a wight, wielding a dire flail and wearing a robe (almost destroyed)
You shoot an arrow.
The arrow hits the wight but does no damage.
The wight is almost destroyed.
The wight hits you with a dire flail.
* * * LOW HITPOINT WARNING * * *
The wight barely misses you.
Firing (i - inventory. (/) - cycle)
m - 135 arrows (quivered)
Press: ? - help, Shift-Dir - straight line, f/p - wight
Aim: a wight, wielding a dire flail and wearing a robe (almost destroyed)
You shoot an arrow.
The arrow hits the wight but does no damage.
The wight is almost destroyed.
You feel like a meek peon again. The wight barely misses you.
The wight hits you with a dire flail.
* * * LOW HITPOINT WARNING * * *
You feel drained.
Some of the chunks of flesh in your inventory have rotted away.
Firing (i - inventory. (/) - cycle)
m - 134 arrows (quivered)
Press: ? - help, Shift-Dir - straight line, f/p - wight
Aim: a wight, wielding a dire flail and wearing a robe (almost destroyed)
You shoot an arrow.
The arrow hits the wight but does no damage.
The wight is almost destroyed.
The wight hits you with a dire flail.
* * * LOW HITPOINT WARNING * * *
The wight barely misses you.
Firing (i - inventory. (/) - cycle)
m - 133 arrows (quivered)
Press: ? - help, Shift-Dir - straight line, f/p - wight
Aim: a wight, wielding a dire flail and wearing a robe (almost destroyed)
You shoot an arrow. The arrow barely misses the wight.
The wight hits you but does no damage.
Firing (i - inventory. (/) - cycle)
m - 132 arrows (quivered)
Press: ? - help, Shift-Dir - straight line, f/p - wight
Aim: a wight, wielding a dire flail and wearing a robe (almost destroyed)
You shoot an arrow. The arrow closely misses the wight.
The wight hits you with a dire flail!
* * * LOW HITPOINT WARNING * * *
The wight hits you with a dire flail.
* * * LOW HITPOINT WARNING * * *
You feel drained.
You die...

.# #... ..#.. .##...#
#.#.. ....... ....
....... ... .###..#
....### .###..#
#....(% ...#..#
####...#(# ##.#..#...
..!.#z#
##.#..#.####.#.#@#
.#.#....##>#.#.#z#
.).#..###........###..
......................
...#....#.......#####.
...#...##.......#
.....##.#)......#
................#
.....###........#


You could see 2 wights.

Vanquished Creatures
  Eustachio (D:4)
  The ghost of p0werm0de the Covered, an amateur DDFi (D:4)
  2 ogres
  A centaur (D:5)
  A scorpion (D:4)
  A wight (D:6)
  4 bullfrog zombies (Ossuary)
  A centaur zombie (Ossuary)
  2 hounds
  A jelly (D:5)
  3 orc priests
  3 orc wizards
  2 bullfrog skeletons
  5 worker ants
  A killer bee zombie (Ossuary)
  A hound zombie (Ossuary)
  6 mummies (Ossuary)
  A worker ant zombie (Ossuary)
  3 gnolls (D:6)
  2 adders (D:3)
  A shadow imp (D:4)
  3 oozes
  3 adder zombies (Ossuary)
  An adder skeleton (D:4)
  A dart slug (D:3)
  11 leopard geckos
  15 orcs
  2 ball pythons
  5 giant cockroaches
  7 hobgoblins
  9 jackals
  5 bats
  11 frilled lizards
  2 giant cockroach zombies (Ossuary)
  5 goblins
  3 jackal zombies (Ossuary)
  10 kobolds
  A leopard gecko zombie (Ossuary)
  A quokka skeleton (D:4)
  A quokka zombie (Ossuary)
  12 rats
151 creatures vanquished.

Vanquished Creatures (others)
  A withered plant (Ossuary)
1 creature vanquished.

Grand Total: 152 creatures vanquished

Notes
Turn   | Place    | Note
-------+----------+-------------------------------------------
     0 | D:1      | Amnesiac the Deep Elf Fighter began the quest for the Orb.
     0 | D:1      | Reached XP level 1. HP: 13/13 MP: 3/3
   107 | D:2      | Reached skill level 1 in Dodging
   108 | D:2      | Reached XP level 2. HP: 10/18 MP: 4/4
  1004 | D:1      | Reached XP level 3. HP: 16/22 MP: 5/5
  1494 | D:2      | Found a faded altar of an unknown god.
  2148 | D:2      | Found an ornate altar of the Wu Jian Council.
  2460 | D:2      | Found an iron altar of Okawaru.
  2469 | D:2      | Became a worshipper of Warmaster Okawaru
  2625 | D:3      | Reached XP level 4. HP: 26/27 MP: 6/6
  2722 | D:3      | Found a hazy altar of Hepliaklqana.
  4085 | D:4      | Noticed p0werm0de's ghost (amateur DDFi)
  4149 | D:4      | Killed p0werm0de's ghost
  4149 | D:4      | Reached XP level 5. HP: 32/32 MP: 7/7
  4159 | D:4      | Reached * piety under Okawaru
  4159 | D:4      | Reached XP level 6. HP: 36/38 MP: 8/8
  4208 | D:4      | Noticed Eustachio
  4642 | D:4      | Killed Eustachio
  4964 | D:4      | Reached XP level 7. HP: 33/44 MP: 9/9
  5094 | D:4      | Found a staircase to the Ecumenical Temple.
  5159 | D:4      | Found a shadowy altar of Dithmenos.
  5159 | D:4      | Found a radiant altar of Vehumet.
  5160 | D:4      | Found a snail-covered altar of Cheibriados.
  5422 | Temple   | Entered the Ecumenical Temple
  5437 | D:5      | Entered Level 5 of the Dungeon
  5499 | D:5      | Reached ** piety under Okawaru
  5550 | D:5      | Found a sand-covered staircase.
  5561 | Ossuary  | Entered an ossuary
  5877 | Ossuary  | Reached skill level 5 in Fighting
  5883 | Ossuary  | Reached skill level 1 in Bows
  5883 | Ossuary  | Reached skill level 5 in Armour
  5883 | Ossuary  | Reached skill level 5 in Dodging
  6128 | Ossuary  | Reached skill level 2 in Bows
  6346 | Ossuary  | Reached skill level 3 in Bows
  6346 | Ossuary  | Reached XP level 8. HP: 29/49 MP: 10/10
  6718 | D:5      | Reached skill level 4 in Bows
  6837 | D:5      | Learned a level 2 spell: Swiftness
  6923 | D:5      | Found a sacrificial altar of Ru.
  6955 | D:5      | Gained mutation: Your muscles are strong. (Str +2) [potion of mutation]
  6955 | D:5      | Gained mutation: You evolve. [potion of mutation]
  6957 | D:5      | Reached skill level 5 in Bows
  7248 | D:5      | Found an iron altar of Okawaru.
  7625 | D:6      | Reached skill level 6 in Bows
  7876 | D:6      | HP: 1/49 [wight/dire flail (6)]
  7876 | D:6      | Slain by a wight

Vault maps used:
D:1:      lemuel_arrival_hallway, grunt_decor_clamped, hangedman_decor_points
D:2:      wad_pebble_path, lemuel_coloured_pillars_altar, lemuel_doored_altar,
          chequers_ecumenical_altar_island
D:3:      lemuel_round_altar
D:4:      gammafunk_temple_overflow_claw, minmay_temple_entry_water_ring,
          first_ration, uniq_eustachio
D:5:      nicolae_ru_sacrificial_ziggurat, enter_ossuary_1, okawaru_trees_1
D:6:      nrook_mini_vaults
Temple:   nicolae_temple_hex_pool
Ossuary:  ossuary_zaba_flooded

Skill      XL: |  1  2  3  4  5  6  7  8 |
---------------+-------------------------+-----
Long Blades    | 2 |  2.0
Dodging        | 1 2 3 4 5 |  5.0
Fighting       | 3 4 5 |  5.0
Armour         | 3 4 5 |  5.0
Bows           | 3 6 |  6.6
Shields        | |  2.4

Action                   |  1- 3 |  4- 6 |  7- 9 || total
-------------------------+-------+-------+-------++-------
Melee: Long sword        |   118 |    14 |   190 ||   322
       Unarmed           |       |    34 |       ||    34
       Short sword       |       |    43 |   136 ||   179
 Fire: Hunting sling     |    92 |   136 |    15 ||   243
       Shortbow          |       |       |    27 ||    27
Invok: Heroism           |       |       |     5 ||     5
  Use: Scroll            |       |     5 |     2 ||     7
       Potion            |       |     5 |     5 ||    10
  Eat: Chunk             |     6 |     7 |     3 ||    16
       Ration            |       |       |     2 ||     2
Armor: Scale mail        |    66 |    58 |       ||   124
       Skin              |       |    21 |       ||    21
       Chain mail        |       |    17 |   182 ||   199
Dodge: Dodged            |    36 |    48 |   110 ||   194
Block: Shield            |    84 |   101 |   155 ||   340
       Rpst.: Long sword |     9 |       |    15 ||    24

Table legend:
 A = Spawn XP
 B = Non-spawn XP
 C = Spawn XP percentage of total XP
 D = Spawn monster count
 E = Non-spawn monster count
 F = Spawn count percentage of total count
 G = Total turns spent on level
                    A         B        C        D         E        F      G
               +---------+---------+-------+---------+---------+-------+---------
         Total |       0 |    2162 |   0.0 |       0 |     151 |   0.0 |  7876
               +---------+---------+-------+---------+---------+-------+---------
           D:1 |       0 |      39 |   0.0 |       0 |      24 |   0.0 |  1140
           D:2 |       0 |      54 |   0.0 |       0 |      27 |   0.0 |  1389
           D:3 |       0 |     123 |   0.0 |       0 |      25 |   0.0 |  1921
           D:4 |       0 |     693 |   0.0 |       0 |      18 |   0.0 |   987
           D:5 |       0 |     604 |   0.0 |       0 |      22 |   0.0 |  1055
           D:6 |       0 |     185 |   0.0 |       0 |      11 |   0.0 |   249
       Ossuary |       0 |     464 |   0.0 |       0 |      24 |   0.0 |  1133
               +---------+---------+-------+---------+---------+-------+---------
